 Dungeon Crawl Stone Soup version 0.31-a0-188-g5e087ee2ca (webtiles) character file.

Game seed: 11391924293606519292

291 qw the Skirmisher (level 6, -2/33 (35) HPs)
             Began as a Deep Elf Hunter on June 23, 2023.
             Slain by a wight
             ... wielding a +0 heavy great sword
              (9 damage)
             ... on level 4 of the Dungeon.
             The game lasted 00:01:08 (2265 turns).

qw the Skirmisher (Deep Elf Hunter)                 Turns: 2265, Time: 00:01:09

HP:   -2/33 (35)    AC:  3    Str: 10    XL:     6   Next: 10%
MP:   0/8           EV: 12    Int: 14    God:
Gold: 156           SH:  0    Dex: 18    Spells: 5/5 levels left

rFire   . . .        Y - +3 shortbow
rCold   . . .        (shield currently unavailable)
rNeg    . . .        c - +0 leather armour
rPois   .            (no helmet)
rElec   .            (no cloak)
rCorr   .            (no gloves)
SInv    .            (no boots)
Will    .....        g - amulet of guardian spirit
Stlth   ++           (no ring)
HPRegen 0.25/turn    (no ring)
MPRegen 0.11/turn

%: guardian spirit
@: about to teleport, drained
A: no striking features
a: no special abilities


You were on level 4 of the Dungeon.
You visited 1 branch of the dungeon, and saw 4 of its levels.

You collected 156 gold pieces.


   Skills:
 - Level 2.0 Fighting
 + Level 9.3 Ranged Weapons
 - Level 3.0 Dodging
 - Level 1.2 Stealth


You had 5 spell levels left.
You didn't know any spells.
Your spell library was empty.

Inventory:

Hand Weapons
 Y - a +3 shortbow (weapon)
Armour
 c - a +0 leather armour (worn)
Jewellery
 g - an amulet of guardian spirit (around neck)
Potions
 a - a potion of berserk rage {unknown}
 b - a potion of curing
 d - a potion of degeneration {unknown}
 f - a potion of attraction {unknown}
 k - a potion of might {unknown}

Dungeon Overview and Level Annotations

Branches:
Dungeon (4/15)
 Temple: D:4-7

Altars:
Yredelemnul

Annotations:
D:2 exclusion: 10 gnolls


Message History

Your surroundings suddenly seem different.
Enter note:
Enter note: Done exploring.
(D) Dungeon
Where to? (* - list waypoints, Enter - D:3, ? - help)
What level of the Dungeon? (default 1, ? - help)
There is an open door here.
There is a stone staircase leading down here.
You climb downwards.
Found a scroll of teleportation.
There is a stone staircase leading up here.
An endoplasm is nearby!
Waypoint 3 assigned to D:4.
You shoot an arrow. The arrow hits the endoplasm!
You kill the endoplasm!
e - a scroll of teleportation 2 wights come into view.
A wight is wielding a +0 heavy great sword.
You shoot an arrow. The arrow closely misses the wight.
You shoot an arrow. The arrow hits the wight.
The wight is lightly damaged.
You shoot an arrow. The arrow hits the wight.
The wight is moderately damaged.
You shoot an arrow. The arrow hits the wight!
The wight is severely damaged.
You shoot an arrow.
The arrow hits the wight but does no damage.
The wight is severely damaged.
The wight hits you with a +0 heavy great sword!!
You feel drained.
The wight hits you from afar with a +2 trident!
You shoot an arrow.
The arrow hits the wight but does no damage.
The wight is severely damaged.
The wight hits you from afar with a +2 trident.
2265 ||| READING scroll of teleportation.
As you read the scroll of teleportation, it crumbles to dust.
You feel strangely unstable.
The wight hits you with a +0 heavy great sword!
You die...

...##.....#
.?........##++##.
.................
................
..............###
......z.......#..
......$z......#.#
#..?..@......#.# #
#............#.#.#
...........##..<..#
........###########
........# ........#
..#...... ..#......
#.....


You could see 2 wights.

Vanquished Creatures
  A sky beast (D:3)
  An orc wizard (D:3)
  5 adders
  4 gnolls (D:2)
  2 worms (D:2)
  2 dart slugs
  4 orcs (D:3)
  5 endoplasms
  A giant cockroach (D:3)
  3 goblins
  4 hobgoblins
  11 jackals
  2 quokkas
  6 ball pythons
  11 bats
  3 frilled lizards
  7 kobolds
  9 rats
81 creatures vanquished.

Notes
Turn   | Place    | Note
-------+----------+-------------------------------------------
     0 | D:1      | qw the Deep Elf Hunter began the quest for the Orb.
     0 | D:1      | Reached XP level 1. HP: 12/12 MP: 3/3
     0 | D:1      | 0 ||| qw: Version: 0.3-a-9-g12657ce
     0 | D:1      | 0 ||| qw: Game counter: 4070
     0 | D:1      | 0 ||| qw: Always use a shield: true
     0 | D:1      | 0 ||| qw: God list: Okawaru
     0 | D:1      | 0 ||| qw: Allow faded altars: false
     0 | D:1      | 0 ||| qw: Do Orc after D:15 true
     0 | D:1      | 0 ||| qw: Do second Lair branch before Depths: true
     0 | D:1      | 0 ||| qw: Lair rune preference: random
     0 | D:1      | 0 ||| qw: Plans: Normal
     0 | D:1      | 0 ||| PLANNING D:1-11
     3 | D:1      | 3 ||| FLEEEEING.
     4 | D:1      | 4 ||| FLEEEEING.
    56 | D:1      | Reached XP level 2. HP: 16/16 MP: 4/4
    66 | D:1      | Reached skill level 6 in Ranged Weapons
   660 | D:1      | 660 ||| READING 2 scrolls labelled NUAWKU SUZAIC.
   661 | D:1      | 661 ||| READING scroll labelled CUPNIU VIEJIRR.
   662 | D:1      | 662 ||| READING scroll labelled OLEECO DEYSEU.
   663 | D:1      | 663 ||| READING 3 scrolls labelled PUDOBR OWITU.
   695 | D:1      | 695 ||| READING scroll labelled TEEZAJ CAIDAU.
   696 | D:1      | 696 ||| DROPPING scroll of fog.
   697 | D:1      | 697 ||| DROPPING scroll of butterflies.
   698 | D:1      | 698 ||| DROPPING 2 scrolls of torment.
   742 | D:2      | Reached XP level 3. HP: 20/20 MP: 5/5
   832 | D:2      | Reached skill level 7 in Ranged Weapons
   850 | D:2      | 850 ||| FLEEEEING.
   851 | D:2      | 851 ||| FLEEEEING.
   852 | D:2      | 852 ||| FLEEEEING.
   853 | D:2      | 853 ||| FLEEEEING.
   854 | D:2      | 854 ||| FLEEEEING.
   855 | D:2      | 855 ||| FLEEEEING.
   856 | D:2      | 856 ||| FLEEEEING.
   857 | D:2      | 857 ||| FLEEEEING.
   860 | D:2      | Reached XP level 4. HP: 16/25 MP: 6/6
   862 | D:2      | 862 ||| STAIRDANCE
   932 | D:2      | 932 ||| STAIRDANCE
  1049 | D:2      | Identified the +0 kite shield of the Endless Bounties {rN+}
  1263 | D:2      | 1263 ||| READING 3 scrolls labelled WOPAFU EZAUH.
  1264 | D:2      | 1264 ||| READING 2 scrolls of enchant weapon.
  1264 | D:2      | 1264 ||| ENCHANTING +1 shortbow.
  1265 | D:2      | 1265 ||| READING scroll of enchant weapon.
  1265 | D:2      | 1265 ||| ENCHANTING +2 shortbow.
  1266 | D:2      | 1266 ||| DRINKING 2 emerald potions.
  1302 | D:3      | Reached skill level 8 in Ranged Weapons
  1323 | D:3      | Noticed a sky beast
  1331 | D:3      | Killed a sky beast
  1332 | D:3      | Reached skill level 9 in Ranged Weapons
  1332 | D:3      | Reached XP level 5. HP: 22/29 MP: 7/7
  1394 | D:3      | 1394 ||| FLEEEEING.
  1395 | D:3      | 1395 ||| FLEEEEING.
  1396 | D:3      | 1396 ||| FLEEEEING.
  1397 | D:3      | 1397 ||| FLEEEEING.
  1400 | D:3      | 1400 ||| FLEEEEING.
  1401 | D:3      | 1401 ||| FLEEEEING.
  1402 | D:3      | 1402 ||| FLEEEEING.
  1403 | D:3      | 1403 ||| FLEEEEING.
  1404 | D:3      | 1404 ||| FLEEEEING.
  1426 | D:3      | Reached skill level 3 in Dodging
  1440 | D:3      | 1440 ||| DRINKING 2 potions of curing.
  1440 | D:3      | 1440 ||| (to cure confusion)
  1587 | D:3      | Reached XP level 6. HP: 12/35 MP: 8/8
  1590 | D:3      | HP: 8/35 [poisoned by an adder]
  1961 | D:3      | Found a basalt altar of Yredelemnul.
  2215 | D:3      | 2215 ||| UPGRADING to amulet of guardian spirit.
  2220 | D:3      | 2220 ||| READING scroll labelled GIUDUG ONTUUCUCS.
  2264 | D:4      | HP: 7/33 [wight/+2 trident (4)]
  2265 | D:4      | 2265 ||| READING scroll of teleportation.
  2265 | D:4      | Slain by a wight

Levels and vault maps discovered:
D:1:      dpeg_arrival_pits, layout_loops_cross, grunt_decor_clamped
D:2:      layout_rooms
D:3:      layout_basic, mainiacjoe_overflow_alcove_2
D:4:      layout_basic, nicolae_hepliaklqana_hippocampus,
          general_overflow_altar, ashenzari_conservatory_becter

Skill      XL: |  1  2  3  4  5 |
---------------+----------------+-----
Ranged Weapons | 6 7 9 |  9.3
Dodging        | 3 |  3.0
Fighting       | 2 |  2.0
Stealth        | |  1.2

Action                     |  1- 3 |  4- 6 || total
---------------------------+-------+-------++-------
   Fire: Shortbow          |    99 |   125 ||   224
    Use: Scroll            |     5 |     5 ||    10
         Potion            |       |     2 ||     2
 Armour: Leather armour    |     7 |    12 ||    19
  Dodge: Dodged            |    26 |    25 ||    51

Table legend:
 A = Non-vault XP
 B = Vault XP
 C = Vault XP percentage of total XP
 D = Non-vault monster count
 E = Vault monster count
 F = Vault count percentage of total count
                 A         B        C        D         E       F
            +---------+---------+-------+---------+---------+-------
      Total |     416 |       0 |   0.0 |      81 |       0 |   0.0
            +---------+---------+-------+---------+---------+-------
        D:1 |      38 |       0 |   0.0 |      25 |       0 |   0.0
        D:2 |     104 |       0 |   0.0 |      21 |       0 |   0.0
        D:3 |     272 |       0 |   0.0 |      34 |       0 |   0.0
        D:4 |       2 |       0 |   0.0 |       1 |       0 |   0.0
            +---------+---------+-------+---------+---------+-------
